 Dungeon Crawl Stone Soup version 0.28-a0-895-g6e5f11bd55 (webtiles) character file.

Game seed: 9754831140269911451

133 Anon1729 the Chiller (level 4, 0/30 HPs)
             Began as a Demonspawn Ice Elementalist on Nov 22, 2021.
             Was a Follower of Kikubaaqudgha.
             Slain by a bullfrog skeleton (6 damage)
             ... on level 3 of the Dungeon.
             The game lasted 00:02:34 (2312 turns).

Anon1729 the Chiller (Demonspawn Ice Elementalist)  Turns: 2312, Time: 00:02:35

Health: 0/30       AC:  2    Str:  9    XL:     4   Next: 94%
Magic:  5/8        EV: 12    Int: 23    God:    Kikubaaqudgha [*.....]
Gold:   45         SH:  0    Dex: 13    Spells: 7/8 levels left

rFire   . . .      SeeInvis .   (no weapon)
rCold   . . .      Faith    .   (no shield)
rNeg    . . .      Spirit   .   a - +0 robe
rPois   .          Reflect  .   (no helmet)
rElec   .          Harm     .   (no cloak)
rCorr   .          Rampage  .   (no gloves)
Will    .....                   (no boots)
Stlth   ++........              c - amulet of magic regeneration
HPRegen 0.10/turn               b - +6 ring of intelligence
MPRegen 0.36/turn               (no ring)

@: no status effects
A: hooves 1, foul stench 1
a: Renounce Religion, Receive Corpses


You were on level 3 of the Dungeon.
You worshipped Kikubaaqudgha.
Kikubaaqudgha was aware of your devotion.
You visited 1 branch of the dungeon, and saw 3 of its levels.

You collected 81 gold pieces.
You spent 36 gold pieces at shops.

Inventory:

Armour
 a - a +0 robe (worn)
Jewellery
 b - a +6 ring of intelligence (left hand)
 c - an amulet of magic regeneration (around neck)
Scrolls
 d - 2 scrolls of noise {unknown}
 e - 3 scrolls of teleportation {unknown}
 g - a scroll of fear {unknown}
 h - a scroll of fog {unknown}
 i - 3 scrolls of identify {unknown}
Potions
 f - 3 potions of curing
 j - a potion of heal wounds {unknown}


   Skills:
 + Level 2.8 Dodging
 + Level 2.9 Stealth
 + Level 2.9 Spellcasting
 + Level 4.2 Ice Magic


You had 7 spell levels left.
You knew the following spells:

 Your Spells              Type           Power      Damage    Failure   Level
a - Freeze                Ice            88%        1d10      1%          1

Your spell library contained the following spells:

 Spells                   Type           Power      Damage    Failure   Level
 Frozen Ramparts          Ice            44%        1d6       6%          3
 Ozocubu's Armour         Ice            22%        N/A       6%          3
 Pain                     Necr           12%        1d4       12%         1
 Corpse Rot               Necr/Air       6%         N/A       19%         2
 Sublimation of Blood     Necr           3%         N/A       19%         2
 Vampiric Draining        Necr           3%         2d6       34%         3
 Hailstorm                Conj/Ice       13%        3d5       43%         4


Dungeon Overview and Level Annotations

Branches:
Dungeon (3/15)

Altars:
Kikubaaqudgha

Shops:
D:3 !


Innate Abilities, Weirdness & Mutations

You have large cloven feet.
You may rarely emit foul miasma when damaged in melee.


Message History

Casting: Freeze (safe; 1% risk of failure)
Confirm with . or Enter, or press ? or * to list all spells.
Aiming: Freeze (safe; 1% risk of failure)
Press: ? - help, Shift-Dir - straight line, f/p - orc
Aim: an orc, wielding a +0 flail and wearing a +0 leather armour (heavily wounded)
You freeze the orc!
You kill the orc!
Kikubaaqudgha accepts your kill. The hobgoblin barely misses you.
The orc closely misses you.
Casting: Freeze (safe; 1% risk of failure)
Confirm with . or Enter, or press ? or * to list all spells.
Aiming: Freeze (safe; 1% risk of failure)
Press: ? - help, Shift-Dir - straight line, f - orc
Aim: an orc, wielding a +0 mace of draining You freeze the orc!
You kill the orc!
Kikubaaqudgha accepts your kill. The hobgoblin barely misses you.
Casting: Freeze (safe; 1% risk of failure)
Confirm with . or Enter, or press ? or * to list all spells.
Aiming: Freeze (safe; 1% risk of failure)
Press: ? - help, Shift-Dir - straight line, f - rat
Aim: a rat You freeze the rat.
You kill the rat!
Kikubaaqudgha accepts your kill. The hobgoblin completely misses you.
Casting: Freeze (safe; 1% risk of failure)
Confirm with . or Enter, or press ? or * to list all spells.
Aiming: Freeze (safe; 1% risk of failure)
Press: ? - help, Shift-Dir - straight line, f - hobgoblin
Aim: a hobgoblin You freeze the hobgoblin.
The hobgoblin is almost dead.
The hobgoblin closely misses you.
The orc hits you from afar with a +0 trident!
* * * LOW HITPOINT WARNING * * *
The bullfrog skeleton hits you.
You die...
Kikubaaqudgha rasps: "You have failed me!
Welcome... death!"

'....#.A. #..
#....#... #..#
##....#... #...##
##.....## #....#
##...... ....8.#
##.8.).#
.......#####...o.#
#.......$......Zg# #.#
#........)@####
#.###..####..........#
#.......>.†...>.#.#..#
#>#####.###.....# #
###.# #.# ##....#
....# #.####.#....
###.# #... ..#.....
#.#####.# #####....
#.......# .#..


You could see an orc, a hobgoblin and a bullfrog skeleton.

Vanquished Creatures
  Terence (D:2)
  Jessica (D:2)
  3 adders (D:2)
  A dart slug (D:3)
  3 orcs (D:3)
  5 endoplasms
  3 giant cockroaches
  5 goblins
  3 hobgoblins
  3 quokkas
  4 ball pythons
  2 bats
  A frilled lizard (D:1)
  6 kobolds
  5 rats
46 creatures vanquished.

Notes
Turn   | Place    | Note
-------+----------+-------------------------------------------
     0 | D:1      | Anon1729 the Demonspawn Ice Elementalist began the quest
                  | for the Orb.
     0 | D:1      | Reached XP level 1. HP: 13/13 MP: 3/3
   631 | D:1      | Gained mutation: You have large cloven feet. [demonic
                  | ancestry]
   631 | D:1      | Reached XP level 2. HP: 17/19 MP: 0/5
  1432 | D:2      | Noticed Jessica
  1439 | D:2      | Killed Jessica
  1440 | D:2      | Reached skill level 4 in Ice Magic
  1440 | D:2      | Gained mutation: You may rarely emit foul miasma when
                  | damaged in melee. [demonic ancestry]
  1440 | D:2      | Reached XP level 3. HP: 19/24 MP: 3/6
  1589 | D:2      | Found a faded altar of an unknown god.
  1708 | D:2      | Prayed at the altar of an unknown god.
  1708 | D:2      | Became a worshipper of Kikubaaqudgha
  1708 | D:2      | Reached * piety under Kikubaaqudgha
  1708 | D:2      | Received a gift from Kikubaaqudgha
  1767 | D:2      | Reached XP level 4. HP: 22/30 MP: 4/7
  1961 | D:2      | Noticed Terence
  1966 | D:2      | Killed Terence
  2158 | D:3      | Found Reghecla's Distillery.
  2171 | D:3      | Bought a potion of curing for 36 gold pieces
  2295 | D:3      | Noticed an angel
  2312 | D:3      | Slain by a bullfrog skeleton

Illustrated notes

Levels and vault maps discovered:
D:1:      minmay_arrival_up_and_down, layout_basic
D:2:      layout_basic, shapermc_ecumenical_altar_notcrosses, serial_glass,
          glass_columns_b, glass_columns_a, minmay_strange_pillars,
          feat_on_display, feat_on_display, minivault_27,
          chequers_serial_rivers_marsh, uniq_terence, uniq_jessica
D:3:      layout_loops_ring, grunt_temple_overflow_order_and_chaos_1,
          lemuel_doored_altar, nicolae_overflow_ecumenical_swirl, serial_shops,
          shop, grunt_ministairs_9, goddamned_bats

Skill      XL: |  1  2 |
---------------+-------+-----
Dodging        | 2 |  2.8
Stealth        | 2 |  2.9
Ice Magic      | 4 |  4.2
Spellcasting   | |  2.9

Action                   |  1- 3 |  4- 6 || total
-------------------------+-------+-------++-------
Melee: Unarmed           |    13 |     8 ||    21
       Kick              |     3 |     1 ||     4
 Cast: Freeze            |    41 |    28 ||    69
 Stab: Sleeping          |       |     1 ||     1
Armor: Robe              |     6 |     5 ||    11
Dodge: Dodged            |    24 |    34 ||    58

Table legend: (Time is in decaauts)
 A = Elapsed time spent in this place.
 B = Non-inter-level travel time spent in this place.
 C = Inter-level travel time spent in this place.
 D = Time resting spent in this place.
 E = Time spent auto-exploring this place.
 F = Levels seen in this place.
 G = Mean time per level.
                   A        B        C        D        E       F      G
               +--------+--------+--------+--------+--------+-----+--------+
         Total |   2313 |   2187 |    126 |     30 |   1853 |   3 |  771.0 |
       Dungeon |   2313 |   2187 |    126 |     30 |   1853 |   3 |  771.0 |
               +--------+--------+--------+--------+--------+-----+--------+

Top non-repeatable levels by time:
     D:1: 1266 daAuts
     D:2: 889 daAuts
     D:3: 157 daAuts
